[Event "December 12 Late 2023"]
[Site "https://www.chess.com"]
[Date "2023.12.12"]
[Round "4"]
[White "Melkumyan, Hrant"]
[Black "Dubov, Daniil"]
[Result "1/2-1/2"]
[Board "2"]
[TimeControl "180+1"]
[WhiteFideId "13302485"]
[BlackFideId "24126055"]
[WhiteElo "2903"]
[BlackElo "3124"]
[WhiteTeam "ARM"]
[BlackTeam "RUS"]
[WhiteClock "0:00:06"]
[BlackClock "0:00:03"]

1. Nf3 Nf6 2. c4 g6 3. Nc3 Bg7 4. g3 b6 5. Bg2 Bb7 6. O-O c5 7. d4 cxd4 8. Qxd4 d6 9. Rd1 Nbd7 10. b3 Rc8 11. Bb2 a6 12. Rac1 O-O 13. Qd2 Rc5 14. Ne1 Qa8 15. Bxb7 Qxb7 16. Nd3 Rf5 17. Nb4 e6 18. Qxd6 Rc8 19. Qd2 Ne5 20. Qe1 Nfg4 21. f4 Ne3 22. Qf2 Nxd1 23. Rxd1 Nc6 24. Nxc6 Qxc6 25. Na4 Bxb2 26. Nxb2 b5 27. Nd3 bxc4 28. bxc4 Qa4 29. Rb1 Qxa2 30. Qe1 Qa5 31. c5 Qxe1+ 32. Rxe1 Rd5 33. Ra1 Ra8 34. Kf2 a5 35. Ke3 Kf8 36. Kd2 Ke7 37. Kc3 a4 38. Ra3 h5 39. Kc4 Rdd8 40. h4 Rdb8 41. Nb4 Kd7 42. Rd3+ Kc7 43. Ra3 Ra5 44. e4 Rbb5 45. Nd3 f6 46. f5 gxf5 47. exf5 e5 48. Kc3 Kc6 49. Kc4 Rxc5+ 50. Nxc5 Rxc5+ 51. Kb4 Rd5 52. Rc3+ Kd6 53. Rc8 Rd4+ 54. Kb5 Rg4 55. Rc6+ Ke7 56. Rc7+ Ke8 57. Kc5 Rxg3 58. Kd5 Rb3 59. Ra7 Rb5+ 60. Kd6 Rb6+ 61. Kd5 a3 62. Rxa3 Kf7 63. Ra7+ Kg8 64. Ra8+ Kg7 65. Ra7+ Kf8 66. Ra8+ Kf7 67. Ra7+ Kf8 68. Ra8+ Kf7 69. Ra7+ 1/2-1/2

[Event "December 12 Late 2023"]
[Site "https://www.chess.com"]
[Date "2023.12.12"]
[Round "4"]
[White "Andreikin, Dmitry"]
[Black "Indjic, Aleksandar"]
[Result "1/2-1/2"]
[Board "3"]
[TimeControl "180+1"]
[WhiteFideId "4158814"]
[BlackFideId "911925"]
[WhiteElo "3110"]
[BlackElo "2902"]
[WhiteTeam "FID"]
[BlackTeam "SRB"]
[WhiteClock "0:00:07"]
[BlackClock "0:00:13"]

1. d4 d5 2. c4 dxc4 3. e3 e5 4. Bxc4 exd4 5. exd4 Bd6 6. Nf3 Nf6 7. O-O O-O 8. Nc3 h6 9. Qc2 Nc6 10. h3 Kh8 11. Re1 a6 12. a3 b5 13. Ba2 Bb7 14. Be3 b4 15. Nd5 bxa3 16. Bb1 g6 17. Nxf6 Qxf6 18. Rxa3 Nb4 19. Qd1 Bxf3 20. Qxf3 Qxf3 21. gxf3 Kg7 22. Ra4 Rab8 23. Bd2 f5 24. Re6 Nd5 25. Bc1 Rfe8 26. Rxe8 Rxe8 27. Kf1 Bb4 28. Ba2 Re1+ 29. Kg2 Rxc1 30. Bxd5 a5 31. b3 Rd1 32. Ra2 Rxd4 33. Bc6 Rd3 34. Ba4 Rd2 35. Rxd2 Bxd2 36. Kf1 Kf6 37. Be8 Bf4 38. Ke2 Bd6 39. Kf1 g5 40. Bd7 Ke5 41. Ke2 Bc5 42. Bc8 f4 43. Kd3 Bxf2 44. Bg4 Bb6 45. Kc4 Be3 46. Bh5 Kf5 47. Kb5 Bb6 48. Kc4 Kf6 49. Kd5 c5 50. Kc4 Ke5 51. Bg4 Ba7 52. Bh5 Kf5 53. Kd5 Bb6 54. Bg4+ Kg6 55. Bd7 h5 56. Be8+ Kh6 57. Bd7 g4 58. hxg4 h4 59. g5+ Kxg5 60. Bh3 Ba7 61. Kc4 Kf6 62. Kd5 Bb6 63. Bg4 Ba7 64. Bh3 Bb6 65. Bg4 Kg5 66. Bh3 Kg6 67. Kc4 Kf6 68. Kd5 Ke7 69. Bg4 Kd8 70. Bh3 Kc7 71. Bg4 Ba7 72. Bh3 a4 73. bxa4 Kb6 74. Kc4 Ka5 75. Kb3 Bb8 76. Bg4 Be5 77. Bh3 Bd4 78. Bg4 Be3 79. Bh3 Bd2 80. Bg4 Bb4 81. Bh3 Kb6 82. Kc4 Kc6 83. Bg4 Kd6 84. Bh3 Kc6 85. Bg4 Kb6 86. Bh3 Ka5 87. Kb3 Kb6 88. Kc4 1/2-1/2

[Event "December 12 Late 2023"]
[Site "https://www.chess.com"]
[Date "2023.12.12"]
[Round "4"]
[White "Duda, Jan-Krzysztof"]
[Black "Kovalev, Vladislav"]
[Result "1-0"]
[Board "4"]
[TimeControl "180+1"]
[WhiteFideId "1170546"]
[BlackFideId "13504398"]
[WhiteElo "3065"]
[BlackElo "2894"]
[WhiteTeam "POL"]
[BlackTeam "FID"]
[WhiteClock "0:00:01"]
[BlackClock "0:00:00"]

1. e4 e5 2. Nf3 Nc6 3. Bb5 a6 4. Ba4 Nf6 5. O-O Be7 6. Re1 b5 7. Bb3 d6 8. c3 O-O 9. h3 Be6 10. d4 Bxb3 11. axb3 exd4 12. cxd4 Nb4 13. Bd2 d5 14. e5 Ne4 15. Nc3 Nd3 16. Re2 c5 17. Nxe4 dxe4 18. Rxe4 Qd5 19. Rg4 f5 20. exf6 Bxf6 21. Bg5 c4 22. Bxf6 Rxf6 23. bxc4 bxc4 24. b3 Nf4 25. Rg5 Qe4 26. bxc4 Nxh3+ 27. gxh3 Rxf3 28. Rg4 Qf5 29. Qd2 Rf8 30. Qg5 Qf7 31. c5 Rxf2 32. c6 Rc2 33. Rg2 Rxc6 34. d5 Rg6 35. Qd2 Rd6 36. Rd1 Rfd8 37. Qc3 h6 38. Rf1 Qa7+ 39. Kh1 Rxd5 40. Rfg1 R8d7 41. Qc8+ Kh7 42. Qc2+ Kg8 43. Qc8+ Rd8 44. Qe6+ Kh8 45. Rxg7 Qxg7 46. Rxg7 Kxg7 47. Qe7+ Kg6 48. Qe6+ Kg5 49. Qe3+ Kf5 50. Qf3+ Ke5 51. Qe3+ Kd6 52. Qxh6+ Kc5 53. Qxa6 Rd2 54. Qa5+ Kc4 55. Qa4+ Kc3 56. Qa3+ Kc2 57. Qc5+ Kd1 58. Qg1+ Ke2 59. Qg4+ Ke3 60. Qg3+ Kd4 61. Qf4+ Kc3 62. h4 R8d4 63. Qe3+ Kc2 64. Qg5 Re4 65. Qf5 Re2 66. h5 Kd2 67. Qd5+ Ke3 68. Qg5+ Kf3 69. Qf5+ Rf4 70. Qh3+ Ke4 71. Qe6+ Kf3 72. Qh3+ Kf2 73. h6 Rd4 74. Qh2+ Ke3 75. Qg1+ Ke4 76. h7 1-0

[Event "December 12 Late 2023"]
[Site "https://www.chess.com"]
[Date "2023.12.12"]
[Round "4"]
[White "Martinez Alcantara, Jose Eduardo"]
[Black "Szpar, Milosz"]
[Result "1-0"]
[Board "5"]
[TimeControl "180+1"]
[WhiteFideId "3805662"]
[BlackFideId "1184989"]
[WhiteElo "3062"]
[BlackElo "2891"]
[WhiteTeam "PER"]
[BlackTeam "POL"]
[WhiteClock "0:00:06"]
[BlackClock "0:00:01"]

1. e4 e6 2. d4 d5 3. Nd2 Be7 4. Ngf3 Nf6 5. Bd3 c5 6. exd5 Qxd5 7. dxc5 Nbd7 8. Qe2 O-O 9. Nb3 Nxc5 10. Nxc5 Qxc5 11. O-O b6 12. Be3 Qc7 13. Bd4 Bb7 14. c3 Rad8 15. Rad1 Qc8 16. Ne5 Qa8 17. f4 Bc5 18. Bxc5 bxc5 19. Bc4 Be4 20. h3 h6 21. Rfe1 Bd5 22. Bxd5 exd5 23. Qe3 Qc8 24. Qf3 Rfe8 25. Re2 d4 26. Rde1 c4 27. Nc6 Rxe2 28. Rxe2 Re8 29. Nxd4 Rxe2 30. Qxe2 g6 31. Qe5 Nd7 32. Qd6 Nc5 33. f5 gxf5 34. Qxh6 Ne6 35. Qf6 Nxd4 36. Qxd4 a6 37. b3 cxb3 38. axb3 Qe6 39. b4 Qc6 40. Kf2 f6 41. h4 Kg7 42. g3 Kg6 43. Ke3 Qg2 44. Qf4 Qc2 45. Kd4 Qd1+ 46. Kc5 Qd7 47. c4 Qa7+ 48. Kc6 Qa8+ 49. Kb6 Qb8+ 50. Qxb8 1-0

[Event "December 12 Late 2023"]
[Site "https://www.chess.com"]
[Date "2023.12.12"]
[Round "4"]
[White "Popov, Konstantin"]
[Black "Lazavik, Denis"]
[Result "0-1"]
[Board "6"]
[TimeControl "180+1"]
[WhiteFideId "34137910"]
[BlackFideId "13515110"]
[WhiteElo "2876"]
[BlackElo "3057"]
[WhiteTeam "FID"]
[BlackTeam "BLR"]
[WhiteClock "0:00:01"]
[BlackClock "0:00:09"]

1. e4 c5 2. Nf3 e6 3. d4 cxd4 4. Nxd4 a6 5. a3 Qc7 6. c4 Nf6 7. Nc3 d6 8. Be3 Be7 9. Rc1 b6 10. f3 Bb7 11. b4 Nbd7 12. Be2 O-O 13. g4 Ne5 14. g5 Nfd7 15. f4 Nc6 16. Nd5 Qd8 17. Nxc6 Bxc6 18. Nxe7+ Qxe7 19. Bf3 f5 20. exf5 exf5 21. Kf2 Be4 22. Re1 Rae8 23. Kg3 Kh8 24. h4 Qf7 25. h5 Bxf3 26. Qxf3 Re4 27. Bf2 Rfe8 28. Red1 R8e6 29. Rd4 Kg8 30. Rcd1 Qe7 31. Kg2 h6 32. g6 Nf6 33. Bh4 Kf8 34. c5 Qb7 35. Rxe4 fxe4 36. Qe3 Ng4 37. Qe2 e3+ 38. Kh3 Nf6 39. cxd6 Qd7 40. Bxf6 Rxd6+ 41. Kg3 Rxd1 42. Be5 Rg1+ 43. Kh2 Qd2 0-1

[Event "December 12 Late 2023"]
[Site "https://www.chess.com"]
[Date "2023.12.12"]
[Round "4"]
[White "Sarana, Alexey"]
[Black "Kamsky, Gata"]
[Result "1/2-1/2"]
[Board "7"]
[TimeControl "180+1"]
[WhiteFideId "24133795"]
[BlackFideId "2000024"]
[WhiteElo "3045"]
[BlackElo "2863"]
[WhiteTeam "SRB"]
[BlackTeam "USA"]
[WhiteClock "0:00:03"]
[BlackClock "0:00:06"]

1. d4 Nf6 2. c4 e6 3. Nc3 Bb4 4. e3 O-O 5. Bd3 d5 6. Nf3 c5 7. O-O dxc4 8. Bxc4 Nbd7 9. a3 Ba5 10. Qc2 cxd4 11. exd4 a6 12. Bg5 h6 13. Bh4 b5 14. Ba2 Bb7 15. d5 exd5 16. Bxd5 Qc8 17. Bxb7 Qxb7 18. b4 Bb6 19. Rad1 Rac8 20. Qb3 Rfe8 21. Rd3 Rc4 22. Bg3 Bc7 23. Rfd1 Bxg3 24. hxg3 Nb6 25. Rd8 Rc8 26. Rxe8+ Rxe8 27. a4 bxa4 28. Nxa4 Nxa4 29. Qxa4 Rb8 30. Ne5 Qb5 31. Qxb5 Rxb5 32. Rd8+ Kh7 33. Nxf7 Rxb4 34. f3 h5 35. Ra8 Rb1+ 36. Kh2 Ra1 37. Ng5+ Kh6 38. Ne6 a5 39. Ra7 g5 40. Ra6 Kg6 41. Nc5 Kf5 42. Nb3 Ra3 43. Nd4+ Kg6 44. Nc6 Kf7 45. Ne5+ Ke7 46. Ng6+ Kf7 47. Ne5+ Ke7 48. Rb6 a4 49. Ra6 Ra2 50. Nc6+ Kf7 51. Nb4 Ra1 52. Nc2 Ra2 53. Ne3 a3 54. Nc4 Ra1 55. Ne5+ Ke7 56. Nc6+ Kf7 57. Nb4 Rb1 58. Nc2 Rb2 59. Nxa3 Ra2 60. Ra7+ Kg6 61. Nb5 Rxa7 62. Nxa7 Nd5 63. Nc6 Ne3 64. Kg1 Nf5 65. Kf2 Kf6 66. Nb4 Ke5 67. Nc2 Nd6 68. Ke2 Nf5 69. Kf2 Nd6 70. Ne3 Nb5 71. g4 hxg4 72. Nxg4+ Kf5 73. Ne3+ Ke5 74. Kg3 Nd4 75. Kg4 Kf6 76. Nd5+ Kg6 77. Nc3 Nf5 78. Ne4 Ne3+ 79. Kg3 Nf5+ 80. Kh3 Ne3 81. Nf2 Kf5 82. g3 Nd5 83. Ng4 Nc3 84. Kg2 Nd5 85. Kf2 Ne7 86. Ne3+ Ke5 87. Ke2 Nc6 88. Ng4+ Kf5 89. Ke3 Ne7 90. Nf2 Nd5+ 91. Ke2 Nc3+ 92. Kd3 Nd5 93. Kd4 Nf6 94. Ne4 Nd7 95. Nd6+ Ke6 96. Ne4 Kf5 97. Nc5 Ne5 98. Ke3 Nc4+ 99. Kf2 Ne5 100. Ke3 Nc4+ 101. Ke2 Ne5 102. Nd3 Nc4 103. Nf2 Ne5 104. Nd1 Nc6 105. Ne3+ Ke5 106. Kd3 Nb4+ 107. Kc4 Nc6 108. Ng4+ Kf5 109. Kd5 Nb4+ 110. Kd4 Nc2+ 111. Kd3 Ne1+ 112. Ke2 Nc2 113. Ne3+ Nxe3 114. Kxe3 Ke5 115. Kd3 Kd5 116. Kc3 Kc5 117. Kd3 Kd5 118. Kd2 Kd4 119. Ke2 Ke5 120. Ke3 Kd5 121. Kf2 Ke5 122. Kg2 Kf5 123. Kh3 Kf6 124. Kh2 Ke5 125. Kg1 Kd4 126. Kf2 Kd5 127. Ke2 Ke6 128. Kd2 Kd6 129. Kc3 Kc5 130. Kd3 Kd5 1/2-1/2

[Event "December 12 Late 2023"]
[Site "https://www.chess.com"]
[Date "2023.12.12"]
[Round "4"]
[White "Kazakouski, Valery"]
[Black "Bluebaum, Matthias"]
[Result "0-1"]
[Board "8"]
[TimeControl "180+1"]
[WhiteFideId "13507443"]
[BlackFideId "24651516"]
[WhiteElo "2831"]
[BlackElo "3037"]
[WhiteTeam "LTU"]
[BlackTeam "GER"]
[WhiteClock "0:01:10"]
[BlackClock "0:02:01"]

1. e4 e6 2. d4 d5 3. Nc3 Nf6 4. e5 Nfd7 5. f4 c5 6. Nf3 Nc6 7. Be3 a6 8. Qd2 b5 9. Be2 Be7 10. O-O O-O 11. a3 Rb8 12. Nd1 a5 13. Nf2 b4 14. axb4 axb4 15. g4 cxd4 16. Nxd4 Nxd4 17. Bxd4 f6 18. Nd3 Bb7 19. Qe3 Kh8 20. Ra7 Bc6 21. exf6 Bxf6 22. g5 Bxd4 23. Qxd4 Bb5 24. Ne5 Nxe5 25. Bxb5 Rxb5 0-1

[Event "December 12 Late 2023"]
[Site "https://www.chess.com"]
[Date "2023.12.12"]
[Round "4"]
[White "Drygalov, Andrey"]
[Black "Gorovets, Andrey"]
[Result "0-1"]
[Board "9"]
[TimeControl "180+1"]
[WhiteFideId "24171735"]
[BlackFideId "13504037"]
[WhiteElo "3009"]
[BlackElo "2828"]
[WhiteTeam "RUS"]
[BlackTeam "BLR"]
[WhiteClock "0:00:00"]
[BlackClock "0:00:09"]

1. e4 c6 2. Nf3 d5 3. d3 g6 4. e5 Bg4 5. d4 e6 6. Nbd2 c5 7. h3 Bxf3 8. Nxf3 cxd4 9. Nxd4 Nc6 10. Bb5 Qb6 11. Be3 Bc5 12. O-O Ne7 13. Ba4 O-O 14. c3 Nxe5 15. b4 Bxd4 16. Bxd4 Qc7 17. Re1 Nc4 18. Bb3 Nc6 19. Bc5 Rfd8 20. Bxc4 dxc4 21. Qg4 b5 22. a4 a6 23. Qg5 Rd5 24. Qf6 Qd8 25. Qf4 e5 26. Qe4 f5 27. Qe2 Rd3 28. Qa2 Rb8 29. axb5 axb5 30. Qa6 Qc8 31. Qa3 Qd7 32. Rac1 f4 33. f3 h5 34. Re2 g5 35. Rce1 g4 36. hxg4 hxg4 37. fxg4 Qxg4 38. Qa6 Qg6 39. Rf2 Kh7 40. Ba7 Rg8 41. Qxb5 Rg3 42. Qd5 f3 43. Qd7+ Rg7 44. Qd6 Qxd6 0-1

[Event "December 12 Late 2023"]
[Site "https://www.chess.com"]
[Date "2023.12.12"]
[Round "4"]
[White "Ghasi, Ameet K"]
[Black "Drygalov, Sergey"]
[Result "0-1"]
[Board "10"]
[TimeControl "180+1"]
[WhiteFideId "409200"]
[BlackFideId "24171743"]
[WhiteElo "2797"]
[BlackElo "3007"]
[WhiteTeam "ENG"]
[BlackTeam "RUS"]
[WhiteClock "0:00:08"]
[BlackClock "0:00:15"]

1. g3 d5 2. Bg2 e5 3. d3 g6 4. Nf3 Bg7 5. O-O Ne7 6. e4 Nbc6 7. Nbd2 O-O 8. c3 h6 9. Re1 Be6 10. exd5 Nxd5 11. Nc4 f6 12. Qc2 Bf7 13. a4 Qd7 14. b4 a6 15. Bb2 b5 16. axb5 axb5 17. Ncd2 Rad8 18. Ne4 Rfe8 19. Nc5 Qc8 20. Nd2 f5 21. Re2 h5 22. Rae1 h4 23. Nf3 hxg3 24. hxg3 Bf6 25. Qc1 Kg7 26. c4 bxc4 27. dxc4 Ndxb4 28. Nxe5 Nxe5 29. Bxe5 Bxe5 30. Rxe5 Rxe5 31. Rxe5 Nd3 32. Nxd3 Rxd3 33. Qa1 Kg8 34. Bd5 Qd8 35. Qe1 Kf8 36. Qe2 Qd6 37. Qxd3 Qxe5 38. Bxf7 Kxf7 39. Qd7+ Kf6 40. Qc6+ Kf7 41. Kg2 g5 42. Qf3 g4 43. Qc6 Ke7 44. Kf1 Qd6 45. Qb7 Qc5 46. Qb3 Qd4 47. Qc2 Kf6 48. Qe2 c5 49. Qc2 Qd6 50. Qc3+ Kg6 51. Qc2 Qc6 52. Kg1 Qf3 53. Qd2 Qc6 54. Qd3 Qe6 55. Kg2 Qc6+ 56. Kg1 Qb6 57. Kg2 Qe6 58. Kg1 Qe5 59. Kg2 Kf6 60. Kg1 Qe6 61. Kg2 Qe4+ 62. Qxe4 fxe4 63. Kf1 Ke5 64. Ke2 Kd4 65. Kd2 Kxc4 66. Ke3 Kd5 67. Kf4 c4 68. Kxg4 c3 69. Kf5 c2 70. g4 c1=Q 71. g5 Qc8+ 72. Kf6 Qf8+ 73. Kg6 Ke5 74. Kh5 Kf5 75. g6 Qh8# 0-1

[Event "December 12 Late 2023"]
[Site "https://www.chess.com"]
[Date "2023.12.12"]
[Round "4"]
[White "Timmermans, Mark"]
[Black "Hakobyan, Aram"]
[Result "0-1"]
[Board "11"]
[TimeControl "180+1"]
[WhiteFideId "1026399"]
[BlackFideId "13306677"]
[WhiteElo "2724"]
[BlackElo "3004"]
[WhiteTeam "NED"]
[BlackTeam "ARM"]
[WhiteClock "0:01:02"]
[BlackClock "0:00:43"]

1. b4 e5 2. Bb2 Bxb4 3. Bxe5 Nf6 4. Nc3 c6 5. a3 Ba5 6. e3 O-O 7. Nf3 d6 8. Bxf6 Qxf6 9. Ne4 Qe7 10. Ng3 Nd7 11. Be2 Nf6 12. O-O d5 13. c4 Rd8 14. d4 Bc7 15. Qc2 g6 16. a4 Kg7 17. Rab1 h5 18. Bd3 Ng4 19. cxd5 Rxd5 20. e4 Rd8 21. e5 Bb6 22. Qc3 h4 23. Ne4 Bxd4 24. Nxd4 Qxe5 25. Rb4 Qxh2# 0-1

[Event "December 12 Late 2023"]
[Site "https://www.chess.com"]
[Date "2023.12.12"]
[Round "4"]
[White "Salem, A.R. Saleh"]
[Black "Dyachuk, Artem"]
[Result "1-0"]
[Board "12"]
[TimeControl "180+1"]
[WhiteFideId "9301348"]
[BlackFideId "34107924"]
[WhiteElo "3001"]
[BlackElo "2716"]
[WhiteTeam "UAE"]
[BlackTeam "UKR"]
[WhiteClock "0:00:31"]
[BlackClock "0:00:34"]

1. d4 d5 2. c4 c6 3. Nf3 Nf6 4. Nc3 e6 5. Bg5 h6 6. Bxf6 Qxf6 7. e3 g6 8. Be2 Bg7 9. O-O O-O 10. b4 Nd7 11. cxd5 exd5 12. b5 Nb6 13. a4 Qd6 14. a5 Nd7 15. Qb3 Nf6 16. Rac1 Be6 17. bxc6 bxc6 18. Ne5 Rfc8 19. Nd3 Ne4 20. Qc2 Bf5 21. Nxe4 Bxe4 22. Qc5 Qd8 23. Rfd1 Rab8 24. Qxa7 Rb5 25. Ne5 Bxe5 26. Bxb5 Qh4 27. dxe5 Bxg2 28. Kxg2 Qg4+ 29. Kf1 Qh3+ 30. Ke1 Qxh2 1-0

[Event "December 12 Late 2023"]
[Site "https://www.chess.com"]
[Date "2023.12.12"]
[Round "4"]
[White "Smirnov, Anton"]
[Black "Martinez Ramirez, Lennis"]
[Result "1/2-1/2"]
[Board "13"]
[TimeControl "180+1"]
[WhiteFideId "3208923"]
[BlackFideId "3509079"]
[WhiteElo "2979"]
[BlackElo "2716"]
[WhiteTeam "AUS"]
[BlackTeam "CUB"]
[WhiteClock "0:00:09"]
[BlackClock "0:00:02"]

1. e4 e5 2. Nf3 Nc6 3. Bb5 a6 4. Bxc6 dxc6 5. O-O Bg4 6. h3 h5 7. d3 Bc5 8. Be3 Bxf3 9. Qxf3 Bxe3 10. Qxe3 g5 11. Nd2 f6 12. Rad1 Qe7 13. Nb3 Nh6 14. d4 b6 15. dxe5 fxe5 16. Rd3 Nf7 17. Rfd1 Nd6 18. Rc3 c5 19. Qe2 a5 20. a4 Qe6 21. Rd5 g4 22. Nxc5 bxc5 23. Rcxc5 Nf7 24. Qb5+ Kf8 25. Rxc7 gxh3 26. Rdd7 Rh7 27. g3 h4 28. Kh2 hxg3+ 29. fxg3 Qf6 30. Qe2 Rd8 31. Rxd8+ Qxd8 32. Rc5 Qd4 33. Rc8+ Ke7 34. Rc7+ Kd8 35. Rb7 Ng5 36. Rxh7 Nxh7 37. Kxh3 Ng5+ 38. Kh2 Nxe4 39. c3 Qd2 40. Qg2 Qxg2+ 41. Kxg2 Nc5 42. b4 Nxa4 43. bxa5 Nxc3 44. g4 Nb5 45. Kf3 Ke7 46. Ke4 Ke6 47. g5 Nc7 48. g6 Na6 49. g7 Nc5+ 50. Ke3 Kf7 51. a6 Nxa6 52. Ke4 Kxg7 53. Kxe5 1/2-1/2

[Event "December 12 Late 2023"]
[Site "https://www.chess.com"]
[Date "2023.12.12"]
[Round "4"]
[White "Aldokhin, Ivan"]
[Black "Cordova, Emilio"]
[Result "0-1"]
[Board "14"]
[TimeControl "180+1"]
[WhiteFideId "24115720"]
[BlackFideId "3801497"]
[WhiteElo "2709"]
[BlackElo "2924"]
[WhiteTeam "RUS"]
[BlackTeam "PER"]
[WhiteClock "0:00:00"]
[BlackClock "0:01:07"]

1. e4 c5 2. Nf3 b6 3. d4 cxd4 4. Nxd4 Bb7 5. Nc3 a6 6. Bd3 e6 7. Qe2 Qc7 8. O-O Bc5 9. Nb3 Be7 10. f4 d6 11. e5 Nd7 12. exd6 Bxd6 13. Ne4 Ngf6 14. Nxd6+ Qxd6 15. Bd2 O-O 16. Rad1 Qc7 17. Nd4 Nc5 18. Nf3 Nxd3 19. cxd3 Rac8 20. Ne5 Nd7 21. Bc3 Nxe5 22. fxe5 b5 23. Rf4 f5 24. Bb4 Rfd8 25. Bd6 Qb6+ 26. d4 Rc4 27. b3 Rc3 28. h3 Qc6 29. Kh2 Rc2 30. Rd2 Rxd2 31. Qxd2 Rc8 32. Rf2 Qd5 33. Qf4 h6 34. h4 Rc3 35. Rd2 Kh7 36. Rf2 a5 37. Rd2 b4 38. h5 Bc6 39. Qh4 Rd3 40. Qf2 Rc3 41. Re2 Be8 42. Rc2 Bxh5 43. Rxc3 bxc3 0-1

[Event "December 12 Late 2023"]
[Site "https://www.chess.com"]
[Date "2023.12.12"]
[Round "4"]
[White "Sjugirov, Sanan"]
[Black "Nasuta, Grzegorz"]
[Result "1-0"]
[Board "15"]
[TimeControl "180+1"]
[WhiteFideId "4189302"]
[BlackFideId "1141686"]
[WhiteElo "2922"]
[BlackElo "2696"]
[WhiteTeam "HUN"]
[BlackTeam "POL"]
[WhiteClock "0:00:03"]
[BlackClock "0:00:03"]

1. e4 e5 2. Nf3 Nc6 3. Bb5 a6 4. Ba4 Nf6 5. d3 Bc5 6. Bg5 b5 7. Bb3 h6 8. Bh4 d6 9. c3 Bb6 10. Nbd2 g5 11. Bg3 Na5 12. Bc2 Nh5 13. a4 Rb8 14. axb5 axb5 15. Nf1 Be6 16. h4 g4 17. N3h2 Rg8 18. Qd2 Qf6 19. Ne3 Nf4 20. O-O Nc6 21. Kh1 Ne7 22. d4 h5 23. Rfe1 Kf8 24. Nf5 Neg6 25. b4 Rh8 26. Kg1 Re8 27. Ra6 Rb8 28. Rea1 Kg8 29. Nf1 Kh7 30. N1e3 Rhe8 31. Bb1 Kh8 32. Ba2 Kg8 33. Bb1 Red8 34. Bd3 c6 35. Bf1 Rdc8 36. Nxd6 Rd8 37. Ndf5 exd4 38. cxd4 Bxd4 39. Nxd4 Rxd4 40. Qc3 Rbd8 41. Ra8 Kh7 42. Rxd8 Qxd8 43. Nf5 Rd1 44. Qg7# 1-0

[Event "December 12 Late 2023"]
[Site "https://www.chess.com"]
[Date "2023.12.12"]
[Round "4"]
[White "Rasulov, Vugar"]
[Black "Przybylski, Wojciech"]
[Result "0-1"]
[Board "16"]
[TimeControl "180+1"]
[WhiteFideId "13402390"]
[BlackFideId "1117599"]
[WhiteElo "2907"]
[BlackElo "2573"]
[WhiteTeam "AZE"]
[BlackTeam "POL"]
[WhiteClock "0:00:05"]
[BlackClock "0:00:04"]

1. e4 e5 2. Nf3 Nc6 3. Bc4 Nf6 4. d3 Be7 5. O-O O-O 6. a4 d6 7. a5 a6 8. Nc3 Bg4 9. h3 Bh5 10. Be3 Kh8 11. Re1 Qd7 12. Kh2 Nd8 13. Rg1 Ne6 14. g4 Bg6 15. Nh4 Rfe8 16. Nf5 Bf8 17. f3 c6 18. Bb3 Qc7 19. Kh1 Nc5 20. Bxc5 dxc5 21. Ne2 Rad8 22. Neg3 Ng8 23. Qe1 f6 24. h4 Bf7 25. Bxf7 Qxf7 26. h5 c4 27. Qc3 cxd3 28. cxd3 Rd7 29. Qc4 Red8 30. Qxf7 Rxf7 31. Rgd1 Rfd7 32. d4 exd4 33. Rd3 c5 34. b3 g6 35. Nh4 Bd6 36. Kg2 Ne7 37. Ne2 Kg7 38. f4 Nc6 39. Rh3 Bc7 40. hxg6 hxg6 41. Rah1 d3 42. Ng3 Bxf4 43. Nhf5+ gxf5 44. Nh5+ Kg8 45. Nxf4 Rg7 46. Kf2 fxg4 47. Rh6 d2 48. Ne6 d1=Q 49. Rh8+ Kf7 50. Rxd1 Rxd1 51. Nxg7 Kxg7 52. Rc8 Rd3 53. Rc7+ Kg6 54. Rxb7 g3+ 55. Kg2 Nd4 56. Rb6 Rxb3 57. Rxa6 Kg5 58. Rb6 Ra3 59. a6 c4 60. Rd6 Ne2 61. Rd5+ Kg4 62. Kf1 Nf4 63. Rd1 Rxa6 64. Kg1 Ra3 65. Rc1 Re3 66. Kf1 Rxe4 67. Rc2 Re3 68. Rxc4 Kf3 69. Rc2 Ra3 70. Rf2+ Kg4 71. Ra2 Rxa2 72. Ke1 Kf3 73. Kd1 Re2 74. Kc1 g2 75. Kd1 g1=Q# 0-1

[Event "December 12 Late 2023"]
[Site "https://www.chess.com"]
[Date "2023.12.12"]
[Round "4"]
[White "Janaszak, Dawid"]
[Black "Erigaisi Arjun"]
[Result "0-1"]
[Board "17"]
[TimeControl "180+1"]
[WhiteFideId "1119206"]
[BlackFideId "35009192"]
[WhiteElo "2594"]
[BlackElo "3094"]
[WhiteTeam "POL"]
[BlackTeam "IND"]
[WhiteClock "0:00:00"]
[BlackClock "0:01:29"]

1. e4 g6 2. Nc3 Bg7 3. d4 d6 4. Bg5 a6 5. f4 b5 6. Nf3 Bb7 7. Bd3 Nd7 8. e5 c5 9. Be4 Bxe4 10. Nxe4 Qa5+ 11. c3 f5 12. Ned2 cxd4 13. cxd4 dxe5 14. fxe5 Qb6 15. Qe2 Nh6 16. O-O O-O 17. Kh1 e6 18. Be7 Rfc8 19. Rac1 Nf7 20. h3 Qb7 21. Bh4 Nb6 22. Nb3 Qd5 23. Rc5 Rxc5 24. dxc5 Nc4 25. Rd1 Qe4 26. Qf2 Nfxe5 27. Ng5 Qc6 28. Nd4 Qxc5 29. Ngxe6 Qa7 30. b3 Nd6 31. Nxg7 Ne4 32. Qf4 Qxg7 33. Ne6 Qh8 34. Rd5 Nf7 35. Qc7 Qc3 36. Qxc3 Nxc3 37. Rd2 Re8 38. Nc7 Re4 39. Bf6 Re1+ 40. Kh2 Ne4 41. Rd7 Nxf6 0-1

[Event "December 12 Late 2023"]
[Site "https://www.chess.com"]
[Date "2023.12.12"]
[Round "4"]
[White "Zou, Chen"]
[Black "Pranav, V"]
[Result "0-1"]
[Board "18"]
[TimeControl "180+1"]
[WhiteFideId "8610959"]
[BlackFideId "25060783"]
[WhiteElo "2757"]
[BlackElo "3049"]
[WhiteTeam "CHN"]
[BlackTeam "IND"]
[WhiteClock "0:00:00"]
[BlackClock "0:00:04"]

1. Nf3 d5 2. b3 f6 3. d4 Bg4 4. Nbd2 c6 5. Bb2 Nh6 6. e3 e6 7. Be2 Nd7 8. O-O Bd6 9. e4 O-O 10. Re1 Qe8 11. exd5 exd5 12. Nf1 Qf7 13. Ne3 Be6 14. Bd3 Rae8 15. c3 g5 16. Qc1 Re7 17. Ba3 Bxa3 18. Qxa3 a6 19. Qd6 Rfe8 20. Nd2 Nf8 21. Nc2 Bf5 22. Rxe7 Rxe7 23. Re1 Rxe1+ 24. Nxe1 Ne6 25. Qb8+ Kg7 26. Qg3 Nf4 27. Bf1 Bg6 28. f3 Qe7 29. Qf2 Qa3 30. g3 Ne6 31. Qe3 Kf7 32. Bh3 Nf5 33. Bxf5 Bxf5 34. Nd3 Qxa2 35. Nc5 Nxc5 36. dxc5 Qc2 37. b4 Bd3 38. Kf2 Qxc3 39. g4 d4 40. Qe1 Qxb4 41. h4 Qxc5 42. hxg5 Qxg5 43. Qc1 Qe3+ 44. Kg2 Be2 45. Qb2 b5 46. Qa2+ Bc4 47. Nxc4 bxc4 48. Qxc4+ Qe6 49. Qxd4 Qe2+ 50. Kg1 Qe1+ 51. Kg2 Qe2+ 52. Kg1 Qxf3 53. Qd7+ Kg6 54. Qe8+ Kg5 55. Qg8+ Kf4 56. Qb8+ Kxg4 57. Qg8+ Kf4 58. Qb8+ Ke4 59. Qe8+ Kd4 60. Qd8+ Kc4 61. Qg8+ Qd5 62. Qxh7 a5 63. Qa7 Kb4 64. Qb6+ Ka4 65. Qc7 f5 66. Qc8 Qe4 67. Kf2 Ka3 68. Qf8+ Ka4 69. Qa8 Qd4+ 70. Kf3 Qd5+ 71. Kf4 Qe4+ 72. Kg5 f4 73. Qa7 f3 74. Qf2 Kb3 75. Qf1 a4 76. Qd1+ Qc2 77. Qxf3+ Ka2 78. Qf7+ Ka3 79. Qf3+ Kb4 80. Qf4+ Qc4 81. Qd2+ Kb5 82. Qb2+ Qb4 83. Qe2+ Ka5 84. Qd1 a3 85. Qa1 Qd2+ 86. Kg4 Qb2 87. Qe1+ Qb4+ 88. Kf3 Qxe1 0-1

[Event "December 12 Late 2023"]
[Site "https://www.chess.com"]
[Date "2023.12.12"]
[Round "4"]
[White "Paravyan, David"]
[Black "Haydon, David L"]
[Result "1-0"]
[Board "19"]
[TimeControl "180+1"]
[WhiteFideId "4194985"]
[BlackFideId "415405"]
[WhiteElo "3026"]
[BlackElo "2752"]
[WhiteTeam "FID"]
[BlackTeam "ENG"]
[WhiteClock "0:00:26"]
[BlackClock "0:00:12"]

1. e4 c6 2. Nf3 d5 3. Nc3 Bg4 4. h3 Bxf3 5. gxf3 e6 6. d4 Nf6 7. h4 h6 8. Rg1 Qc7 9. Be3 Qh2 10. Rg3 Nh5 11. Rh3 Qc7 12. Qd2 Nd7 13. O-O-O O-O-O 14. Kb1 Nb6 15. e5 g6 16. Bd3 Bb4 17. a3 Bf8 18. Ka2 a6 19. b3 c5 20. dxc5 Bxc5 21. Bxc5 Qxc5 22. f4 Kb8 23. Ne2 Qxf2 24. Qb4 Nc8 25. Nd4 Rd7 26. Bxa6 Rc7 27. Rd2 Qxf4 28. Rf3 Qxh4 29. Nc6+ Ka8 30. Bxb7+ Rxb7 31. Qxh4 Nb6 32. Rd4 Rc7 33. Ra4+ Kb7 34. Ra7+ Kc8 35. Rxc7+ Kxc7 36. Nd4 Rh7 37. Qe7+ 1-0